 Dungeon Crawl Stone Soup version 0.19.1 (webtiles) character file.

22 Alethiolet the Gusty (level 2, -1/28 HPs)
             Began as a High Elf Wanderer on Dec 17, 2016.
             Slain by a hobgoblin
             ... wielding a +0 club
              (3 damage)
             ... on level 2 of the Dungeon.
             The game lasted 00:04:12 (1572 turns).

Alethiolet the Gusty (High Elf Wanderer)            Turns: 1572, Time: 00:04:13

Health: -1/28      AC:  4    Str: 18    XL:     2   Next: 68%
Magic:  12/15      EV: 11    Int: 12    God:
Gold:   108        SH:  0    Dex: 15    Spells: 1 memorised, 5 levels left

rFire  . . .     SeeInvis .     e - +0 dagger
rCold  . . .     Gourm    .     d - +0 robe
rNeg   . . .     Faith    .     (no shield)
rPois  .         Spirit   .     (no helmet)
rElec  .         Reflect  .     (no cloak)
rCorr  .         Harm     .     b - +1 pair of gloves
MR     .....                    (no boots)
Stlth  ..........               m - amulet of rage
                                (no ring)
                                i - ring of magical power

@: berserking, very quick
A: no striking features
a: Evoke Berserk Rage


You were on level 2 of the Dungeon.
You were near starving.

You visited 1 branch of the dungeon, and saw 2 of its levels.

You collected 108 gold pieces.

Inventory:

Hand Weapons
 e - a +0 dagger (weapon)
Armour
 b - a +1 pair of gloves (worn)
 d - a +0 robe (worn)
Jewellery
 i - a ring of magical power (left hand)
 m - an amulet of rage (around neck)
Scrolls
 c - 2 scrolls of teleportation
 g - 2 scrolls of identify {unknown}
 k - a scroll of magic mapping {unknown}
Potions
 l - a potion of agility
Books
 a - a book of Necromancy

   Spells                             Type                      Level
   a - Pain                           Necromancy                   1
   b - Animate Skeleton               Necromancy                   1
   c - Vampiric Draining              Necromancy                   3
   d - Regeneration                   Charms/Necromancy            3
   e - Animate Dead                   Necromancy                   4
   f - Control Undead                 Necromancy                   4
Comestibles
 f - a bread ration
 j - a meat ration


   Skills:
 - Level 2.0 Fighting
 + Level 0.2 Short Blades
   Level 1.0 Staves
 - Level 1.0 Throwing
 + Level 0.2 Dodging
 - Level 1.1 Stealth
 + Level 2.9 Spellcasting
 - Level 1.0 Necromancy
   Level 3.6 Air Magic


You had 5 spell levels left.
You knew the following spells:

 Your Spells              Type           Power        Failure   Level  Hunger
a - Pain                  Necr           #...         17%         1    #......


Dungeon Overview and Level Annotations

Branches:
Dungeon (2/15)

Altars:


Message History

* * * LOW HITPOINT WARNING * * *
Casting: Pain
Confirm with . or Enter, or press ? or * to list all spells.
Aiming: Pain
Press: ? - help, Shift-Dir - straight line, f/p - hobgoblin
Aim: a hobgoblin, wielding a club (heavily wounded, chance to defeat MR: 62%)
The hobgoblin resists with significant effort.
The hobgoblin hits you but does no damage.
Okay, then.
You fail to use your ability.
The hobgoblin hits you but does no damage.
You fail to use your ability.
A red film seems to cover your vision as you go berserk!
You feel yourself moving faster!
You feel mighty!
You are near starving!
The hobgoblin barely misses you.
You hit the hobgoblin.
The hobgoblin is almost dead.
The hobgoblin hits you with a club.
You die...

### ..# ######.#
#####...##.# .l#....##.#
. #g#...).#.#
....##@#<....#.########
........................
...#....#.......########
############## # # # # #
#


You could see a hobgoblin and a frilled lizard.

Vanquished Creatures
  A worm (D:2)
  A dart slug (D:1)
  A leopard gecko (D:1)
  A ball python (D:2)
  A giant cockroach (D:1)
  A goblin (D:1)
  2 hobgoblins (D:1)
  A bat (D:1)
  3 frilled lizards
  4 kobolds
  A rat (D:1)
17 creatures vanquished.

Notes
Turn   | Place    | Note
-------+----------+-------------------------------------------
     0 | D:1      | Alethiolet the High Elf Wanderer began the quest for the Orb.
     0 | D:1      | Alethiolet set off with: a book of Necromancy, a potion of curing, a scroll of teleportation, a +0 robe, a +0 dagger, a bread ration
     0 | D:1      | Reached XP level 1. HP: 14/14 MP: 3/3
     2 | D:1      | Learned a level 1 spell: Pain
   817 | D:1      | Reached XP level 2. HP: 11/19 MP: 6/6
  1572 | D:2      | Slain by a hobgoblin

Skill      XL: |  1 |
---------------+----+-----
Spellcasting   | 2 |  2.9
Fighting       | |  2.0
Short Blades   | |  0.2
Staves         | |  1.0
Throwing       | |  1.0
Dodging        | |  0.2
Stealth        | |  1.1
Necromancy     | |  1.0
Air Magic      | |  3.6

Action                   || total
-------------------------++-------
Melee: Dagger            ||    41
 Cast: Pain              ||    37
 Abil: Evoke Berserk Rag ||     2
  Use: Potion            ||     2
  Eat: Chunk             ||     3
Armor: Robe              ||    12
Dodge: Dodged            ||    24
